 Dungeon Crawl Stone Soup version 0.17-a0-737-gf0a300a (webtiles) character file.

656 Kisielow the Shield-Bearer (level 7, 0/62 HPs)
             Began as a Minotaur Fighter on Apr 27, 2015.
             Slain by a gnoll (5 damage)
             ... on level 3 of the Dungeon.
             The game lasted 00:07:20 (2683 turns).

Kisielow the Shield-Bearer (Minotaur Fighter)       Turns: 2683, Time: 00:07:20

Health: 0/62       AC:  8    Str: 22    XL:     7   Next: 29%
Magic:  6/6        EV:  8    Int:  5    God:
Gold:   113        SH: 11    Dex: 15    Spells: 0 memorised, 6 levels left

rFire  x . .     SeeInvis .     a - +0 long sword
rCold  + . .     Clarity  .     b - +0 scale mail
rNeg   . . .     SustAb   .     c - +0 shield
rPois  .         Gourm    .     (helmet restricted)
rElec  .         Spirit   .     w - +0 cloak
rCorr  .         Warding  .     (no gloves)
rMut   .         Stasis   .     (no boots)
MR     .....                    (no amulet)
Stlth  ..........               p - +5 ring of dexterity
                                z - ring of ice

@: glowing, not resistant to hostile enchantments, extremely unstealthy
A: retaliatory headbutt, horns 2
a: no special abilities


You were on level 3 of the Dungeon.
You were very hungry.

You visited 1 branch of the dungeon, and saw 4 of its levels.

You collected 113 gold pieces.

Inventory:

Hand weapons
 a - a +0 long sword (weapon)
Armour
 b - a +0 scale mail (worn)
 c - a +0 shield (worn)
 w - a +0 cloak (worn)
Jewellery
 k - an uncursed ring of fire
 p - a +5 ring of dexterity (right hand)
 z - a ring of ice (left hand)
 B - a cursed ring of ice
Magical devices
 d - a wand of polymorph (0)
 x - a wand of random effects (15)
Scrolls
 g - 4 scrolls of identify {unknown}
 j - 2 scrolls of remove curse {unknown}
 m - 2 scrolls of recharging {unknown}
 n - a scroll of enchant armour {unknown}
 q - 2 scrolls of fog {unknown}
 r - a scroll of blinking {unknown}
 s - 2 scrolls of magic mapping {unknown}
 t - a scroll of enchant weapon {unknown}
 u - a scroll of random uselessness {unknown}
 v - 2 scrolls of teleportation {unknown}
 y - a scroll of fear {unknown}
Potions
 o - a potion of flight {unknown}
 A - a potion of curing {unknown}
Comestibles
 e - 2 bread rations
 l - 2 beef jerkies


   Skills:
 * Level 5.7 Fighting
 * Level 4.6 Long Blades
 * Level 5.8 Armour
 * Level 6.8 Shields


You had 6 spell levels left.
You didn't know any spells.

Dungeon Overview and Level Annotations

Branches:
Dungeon (4/15)
 Temple: D:4-7

Altars:
The Shining One


Innate Abilities, Weirdness & Mutations

You reflexively headbutt those who attack you in melee.
You have a pair of horns on your head.


Message History

You slash the gnoll!
The gnoll is severely wounded.
You block the gnoll's attack. The gnoll hits you.
* * * LOW HITPOINT WARNING * * *
A gnoll comes into view. It is wielding an enchanted whip.
You barely miss the gnoll.
The gnoll shouts!
You headbutt the gnoll.
The gnoll is almost dead.
You block the gnoll's attack.
Your shield prevents you from hitting the gnoll.
Your headbutt misses the gnoll.
The gnoll is almost dead.
The gnoll hits you.
* * * LOW HITPOINT WARNING * * *
The gnoll hits you.
* * * LOW HITPOINT WARNING * * *
Drink which item? (? for menu, Esc to quit)
It was a potion of restore abilities.
You feel refreshed. The gnoll hits you.
You die...

.............)...................
.......)..............>..........
...###)###.#.............########
##.# #).##...###.#######.#.......
#####...###.# #%# #.#.######
##....# #.###g# #.#.# # #....##
#[.##%# #.#.# # ##....# #..##g#
#.#.# # ##....##
#..##@#######.#.# # #.....#
#..##%#.......#.# # #...###
#..##)#.......#.# # #...#
#..##†#.......#.# # #...#
#...#.#....)..#.# # #..##
#.....#.......#.# # ##...#
###.#.#.....).#.###### #....#
#.............#....... ##...##
#.............########


You could see 2 gnolls.

Vanquished Creatures
  Grinder (D:3)
  A gnoll sergeant (D:3)
  An orc wizard (D:3)
  An iguana (D:3)
  A gnoll shaman (D:3)
  17 gnolls (D:3)
  5 adders
  An ooze (D:1)
  4 worms
  A giant gecko (D:2)
  3 orcs (D:3)
  A ball python (D:3)
  5 bats
  4 giant cockroaches
  6 goblins
  8 hobgoblins
  17 jackals
  3 giant newts
  8 kobolds
  A quokka (D:3)
  4 rats
93 creatures vanquished.

Vanquished Creatures (collateral kills)
  A gnoll (D:3)
1 creature vanquished.

Vanquished Creatures (others)
  A gnoll (D:3)
1 creature vanquished.

Grand Total: 95 creatures vanquished

Notes
Turn   | Place    | Note
--------------------------------------------------------------
     0 | D:1      | Kisielow, the Minotaur Fighter, began the quest for the Orb.
     0 | D:1      | Reached XP level 1. HP: 19/19 MP: 0/0
    62 | D:1      | Reached XP level 2. HP: 27/27 MP: 1/1
    87 | D:1      | Reached skill level 4 in Shields
   553 | D:2      | Reached XP level 3. HP: 33/33 MP: 2/2
   919 | D:2      | Reached XP level 4. HP: 40/40 MP: 3/3
  1211 | D:3      | Reached skill level 5 in Shields
  1285 | D:3      | Reached XP level 5. HP: 45/47 MP: 4/4
  1514 | D:3      | Found a glowing golden altar of the Shining One.
  1738 | D:3      | Reached skill level 5 in Armour
  1764 | D:3      | Noticed Grinder
  1768 | D:3      | Paralysed by Grinder for 6 turns
  1879 | D:3      | Paralysed by Grinder for 6 turns
  1893 | D:3      | Paralysed by Grinder for 4 turns
  1918 | D:3      | Paralysed by Grinder for 3 turns
  1923 | D:3      | Killed Grinder
  1923 | D:3      | Reached skill level 5 in Fighting
  1923 | D:3      | Reached skill level 6 in Shields
  1923 | D:3      | Reached XP level 6. HP: 7/56 MP: 5/5
  2637 | D:3      | Reached XP level 7. HP: 28/61 MP: 6/6
  2683 | D:3      | Slain by a gnoll

Action                   |  1- 3 |  4- 6 |  7- 9 || total
-------------------------+-------+-------+-------++-------
Melee: Long sword        |    76 |   148 |    29 ||   253
       Unarmed           |       |     6 |       ||     6
Evoke: Wand              |       |     1 |     2 ||     3
  Use: Potion            |       |     3 |     2 ||     5
  Eat: Chunk             |       |     5 |       ||     5
